 Dungeon Crawl Stone Soup version 0.31-a0-876-gfe8ebadbca (webtiles) character file.

Game seed: 5285821908448241649

2105 LeprechaunX the Changeling (level 9, 0/61 HPs)
             Began as an Octopode Shapeshifter on Oct 13, 2023.
             Was an Initiate of Hepliaklqana.
             Slain by a sleepcap (19 damage)
             ... on level 6 of the Dungeon.
             The game lasted 00:08:46 (5648 turns).

LeprechaunX the Changeling (Octopode Shapeshifter)  Turns: 5648, Time: 00:08:46

Health: 0/61       AC:  1    Str: 18    XL:     9   Next: 28%
Magic:  9/9        EV:  2    Int: 12    God:    Hepliaklqana [......]
Gold:   237        SH:  0    Dex: 20    Spells: 8/8 levels left

rFire   + +          .
                       - Unarmed
rCold   + + .        (no shield)
rNeg    . . .        (helmet currently unavailable)
rPois   +            (no amulet)
rElec   .            g - +6 ring of dexterity
rCorr   .            p - ring of Viedgh Ciem {rPois rF+ rC++ Dex+3}
SInv    .            q - ring of protection from cold
Will    .....        y - ring of fire
Stlth   +++          (no ring)
HPRegen 0.30/turn    (no ring)
MPRegen 0.11/turn    (no ring)
                     (no ring)

%: no passive effects
@: beast-form, sleeping
A: beast (slay +4), almost no armour, amphibious, 8 rings, camouflage 1,
gelatinous body 1, (nimble swimmer 1), tentacles
a: Begin Untransformation, Renounce Religion


You were on level 6 of the Dungeon.
You worshipped Hepliaklqana.
Hepliaklqana was noncommittal.
You were a hulking beast.
You visited 2 branches of the dungeon, and saw 7 of its levels.
You also visited: Ossuary.

You collected 237 gold pieces.

Inventory:

Missiles
 v - 3 javelins
Jewellery
 g - a +6 ring of dexterity (left tentacle)
 p - the ring of Viedgh Ciem (right tentacle) {rPois rF+ rC++ Dex+3}
   (You found it on level 3 of the Dungeon)

   [ring of poison resistance]

   Dex+3:     It affects your dexterity (+3).
   rF+:       It protects you from fire.
   rC++:      It greatly protects you from cold.
   rPois:     It protects you from poison
 q - a ring of protection from cold (on tentacle)
 w - an amulet of faith
 y - a ring of fire (on tentacle)
Talismans
 b - a beast talisman (active)
 c - a flux talisman
Wands
 s - a wand of quicksilver (1) (quivered)
Scrolls
 d - 9 scrolls of enchant weapon {unknown}
 f - 2 scrolls of blinking {unknown}
 k - a scroll of teleportation {unknown}
 l - a scroll of torment {unknown}
 m - a scroll of immolation {unknown}
 n - a scroll of vulnerability {unknown}
 r - 4 scrolls of identify {unknown}
 t - a scroll of poison {unknown}
 u - a scroll of enchant armour {unknown}
 z - a scroll of silence {unknown}
Potions
 a - a potion of lignification
 e - 2 potions of heal wounds {unknown}
 h - 3 potions of attraction {unknown}
 i - 3 potions of brilliance {unknown}
 j - a potion of ambrosia {unknown}
 o - 4 potions of curing {unknown}
 x - a potion of cancellation {unknown}


   Skills:
 + Level 5.3 Fighting
 - Level 5.0 Dodging
 - Level 6.0 Unarmed Combat
 + Level 2.7 Evocations
 * Level 7.6 Shapeshifting


You had 8 spell levels left.
You didn't know any spells.
Your spell library contained the following spells:

 Spells                   Type           Power      Damage    Failure   Level
 Sandblast                Erth           0%         2d4       32%         1
 Passwall                 Tmut/Erth      0%         N/A       45%         2
 Inner Flame              Hex/Fire       0%         N/A       69%         3
 Stone Arrow              Conj/Erth      0%         3d7       69%         3
 Brom's Barrelling Bould  Conj/Erth      0%         2d3       97%         4
 Flame Wave               Conj/Fire      0%         2d4       97%         4
 Sticky Flame             Conj/Fire      0%         2d3       97%         4


Dungeon Overview and Level Annotations

Branches:
Dungeon (6/15)             Temple (1/1) D:5         Ossuary (visited)

Altars:
Ashenzari
Cheibriados
Dithmenos
Elyvilon
Gozag
Hepliaklqana
Kikubaaqudgha
Makhleb
Nemelex Xobeh
Qazlal
Ru
Sif Muna
Trog
Wu Jian
Xom
Yredelemnul
Zin

Shops:
D:6 :**

Annotations:
D:6 3 runed translucent doors, croobank's ghost, novice OpDe


Innate Abilities, Weirdness & Mutations

You are a hulking beast.
Your limbs bulge with bestial killing power. (Slay +4)
You cannot wear most types of armour.
You are amphibious.
You can wear up to eight rings at the same time.
Your skin changes colour to match your surroundings (Stealth+).
Your rubbery body absorbs attacks. (AC +1, EV +1)
((You are camouflaged when in or above water. (Stealth+)))
You have tentacles for arms and can constrict up to eight enemies at once.


Message History

Found a stone staircase leading down.
There is a stone staircase leading down here.
An iguana comes into view.
An iguana is nearby!
An iguana is nearby!
An iguana is nearby!
The iguana hisses angrily.
The iguana barely misses you.
You tentacle-slap the iguana. You grab the iguana. You squeeze the iguana!
You kill the iguana!
No target in view!
No target in view!
A sleepcap comes into view.
A sleepcap is nearby!
A sleepcap is nearby!
A sleepcap is nearby!
A centaur comes into view.
The centaur shouts!
The centaur wields a +0 orcbow.
The centaur shoots an arrow.
The arrow barely misses you.
Found 4 stones.
The centaur shoots an arrow.
The arrow hits you!
You tentacle-slap the sleepcap but do no damage.
You grab the sleepcap. You constrict the sleepcap.
The centaur shoots an arrow.
The arrow hits you! The sleepcap barely misses you.
You tentacle-slap the sleepcap.
You squeeze the sleepcap, but do no damage.
The sleepcap is lightly damaged.
You constrict the sleepcap, but do no damage.
The centaur shoots an arrow.
The arrow closely misses you. The sleepcap misses you.
You release your grip on the sleepcap.
The centaur shoots an arrow.
The arrow misses you.
The centaur shoots an arrow.
The arrow hits you! The sleepcap closely misses you.
The sleepcap releases spores at you.
* * * LOW HITPOINT WARNING * * *
You are engulfed in a cloud of soporific spores!
You fall asleep.
The sleepcap barely misses you. The sleepcap releases spores at you!!
You die...

......#
#.........#
.######
#.#########
.# #.# .#
#.# '# #.#
## #.# ##
#.# ~#
###.# ~#
+..h# ~#
.......#f##
~#
##.......#
~#
.........#
##
###≈≈....#
# (.c≈....#
###≈≈...##
#......
#......


You could see a sleepcap and a centaur.

Vanquished Creatures
  A two-headed ogre (D:5)
  Eustachio (D:6)
  An orc warrior (D:6)
  2 ogres
  A phantom (D:6)
  2 elf zombies (Ossuary)
  3 hounds
  A human zombie (Ossuary)
  3 orc priests (D:6)
  A jelly (D:5)
  A sleepcap (D:5)
  5 iguanas
  Ijyb (D:4)
  6 orc wizards
  2 mummies (Ossuary)
  Robin (D:4)
  8 gnolls
  10 adders
  3 adder zombies (Ossuary)
  3 worms (D:3)
  2 dart slugs
  13 orcs
  11 endoplasms
  8 giant cockroaches
  11 goblins
  7 hobgoblins
  4 jackals
  4 quokkas
  8 ball pythons
  7 bats
  4 frilled lizards
  A goblin zombie (Ossuary)
  8 hobgoblin zombies (Ossuary)
  A jackal zombie (Ossuary)
  7 kobolds
  11 kobold zombies (Ossuary)
  9 orc zombies (Ossuary)
  5 rats
  A rat zombie (Ossuary)
  A spectral goblin (D:6)
179 creatures vanquished.

Notes
Turn   | Place    | Note
-------+----------+-------------------------------------------
     0 | D:1      | LeprechaunX the Octopode Shapeshifter began the quest for
                  | the Orb.
     0 | D:1      | Reached XP level 1. HP: 13/13 MP: 1/1
    85 | D:1      | Reached XP level 2. HP: 18/18 MP: 2/2
   420 | D:1      | Found a faded altar of an unknown god.
   437 | D:1      | Reached XP level 3. HP: 22/23 MP: 3/3
   966 | D:2      | Reached XP level 4. HP: 19/29 MP: 4/4
  1541 | D:3      | Reached skill level 4 in Shapeshifting
  1541 | D:3      | Reached XP level 5. HP: 21/34 MP: 5/5
  1638 | D:3      | Found a sparkling altar of Nemelex Xobeh.
  1716 | D:3      | Identified the ring of Viedgh Ciem {rPois rF+ rC++ Dex+3}
  2392 | D:4      | Reached XP level 6. HP: 24/41 MP: 6/6
  2494 | D:4      | Found a sand-covered staircase.
  2503 | Ossuary  | Entered an ossuary
  2798 | Ossuary  | Reached skill level 5 in Shapeshifting
  3015 | Ossuary  | Reached XP level 7. HP: 41/46 MP: 7/7
  3171 | D:4      | Found a burning altar of Makhleb.
  3182 | D:4      | Identified the +1 robe of the Arena {rCorr Str+6}
  3203 | D:4      | Found a shimmering altar of Xom.
  3503 | D:4      | Noticed Robin
  3505 | D:4      | Noticed Ijyb
  3514 | D:4      | Killed Ijyb
  3523 | D:4      | Killed Robin
  3861 | D:4      | Found a shimmering blue altar of Sif Muna.
  3898 | D:5      | Entered Level 5 of the Dungeon
  4419 | D:5      | Noticed a two-headed ogre
  4426 | D:5      | Killed a two-headed ogre
  4427 | D:5      | Reached skill level 5 in Unarmed Combat
  4427 | D:5      | Reached skill level 6 in Shapeshifting
  4427 | D:5      | Reached XP level 8. HP: 54/54 MP: 8/8
  4490 | D:5      | Found a staircase to the Ecumenical Temple.
  4505 | Temple   | Entered the Ecumenical Temple
  4606 | D:5      | HP: 1/54 [ogre/+0 giant spiked club (33)]
  4609 | D:5      | Reached skill level 5 in Dodging
  4847 | D:5      | Reached skill level 1 in Evocations
  5129 | D:6      | Noticed Eustachio
  5141 | D:6      | Reached skill level 7 in Shapeshifting
  5141 | D:6      | Reached XP level 9. HP: 52/60 MP: 9/9
  5143 | D:6      | Reached skill level 5 in Fighting
  5149 | D:6      | Killed Eustachio
  5270 | D:6      | Found a hazy altar of Hepliaklqana.
  5280 | D:6      | Became a worshipper of Hepliaklqana the Forgotten
  5315 | D:6      | Found Vuunaed's Assorted Antiques.
  5316 | D:6      | Found Cocu's Book Shop.
  5317 | D:6      | Found Kauhaix's Assorted Antiques.
  5507 | D:6      | Found a runed translucent gate.
  5507 | D:6      | Found a runed translucent gate.
  5507 | D:6      | Noticed croobank's ghost (novice OpDe)
  5508 | D:6      | Found a runed translucent gate.
  5648 | D:6      | Slain by a sleepcap

Illustrated notes

Levels and vault maps discovered:
D:1:      matt_arrival_los_fun, layout_basic, chequers_ecumenical_altar_twisty,
          minivault_19, chequers_decorated_corner, minmay_tree_intersection,
          dreamdust_mushroom_princess
D:2:      layout_loops_ring, corexii_corridor_pit
D:3:      layout_rooms, mainiacjoe_overflow_tiny_flanked,
          kennysheep_generic_room_16, uniq_crazy_yiuf_cottage
D:4:      layout_gridville, tgw_xom, nicolae_sif_muna_little_library,
          bloody_makhleb, lightli_ossuary_entry_decrepit_ruins, hex_tiny,
          st_stairs_5, nicolae_goblin_pals
D:5:      layout_loops_ring, minmay_temple_entry_waves,
          kennysheep_cluttered_room, hangedman_decor_push
D:6:      layout_basic, nicolae_overflow_hidden_temple,
          nicolae_hepliaklqana_monster_ancestors, biasface_ghost_orc_armoury,
          hex_large, chequers_serial_rivers_micro_e, kb_lookout_dungeons_type,
          nicolae_shop_distant_corner_stores, uniq_eustachio, uniq_edmund
Temple:   hc_temple_tempest_star

Skill      XL: |  1  2  3  4  5  6  7  8  9 |
---------------+----------------------------+-----
Fighting       | 2 3 4 5 |  5.3
Shapeshifting  | 4 5 6 7 |  7.6
Dodging        | 3 4 5 |  5.0
Unarmed Combat | 4 5 6 |  6.0
Evocations     | 1 2 |  2.7

Action                     |  1- 3 |  4- 6 |  7- 9 || total
---------------------------+-------+-------+-------++-------
  Melee: Unarmed           |    74 |   173 |   141 ||   388
         Constrict         |    13 |    56 |    30 ||    99
         Tentacles         |    11 |    42 |    32 ||    85
         Punch             |     2 |     8 |     6 ||    16
  Throw: Boomerang         |       |     8 |     2 ||    10
  Evoke: Wand              |       |       |     5 ||     5
    Use: Potion            |       |       |     1 ||     1
   Stab: Sleeping          |     8 |    13 |     4 ||    25
         Distracted        |       |       |     1 ||     1
 Armour: Skin              |    28 |    51 |    53 ||   132
  Dodge: Dodged            |    45 |    83 |    72 ||   200

Table legend: (Time is in decaauts)
 A = Elapsed time spent in this place.
 B = Non-inter-level travel time spent in this place.
 C = Inter-level travel time spent in this place.
 D = Time resting spent in this place.
 E = Time spent auto-exploring this place.
 F = Levels seen in this place.
 G = Mean time per level.
                   A        B        C        D        E       F      G
               +--------+--------+--------+--------+--------+-----+--------+
         Total |   5615 |   5407 |    208 |    780 |   3460 |   8 |  701.9 |
       Dungeon |   5080 |   4872 |    208 |    551 |   3435 |   6 |  846.7 |
        Temple |      1 |      1 |      0 |      0 |      0 |   1 |    1.0 |
       Ossuary |    533 |    533 |      0 |    229 |     25 |   1 |  533.0 |
               +--------+--------+--------+--------+--------+-----+--------+

Top non-repeatable levels by time:
     D:5: 1171 daAuts
     D:4: 1027 daAuts
     D:3: 809 daAuts
     D:1: 793 daAuts
     D:2: 712 daAuts
     D:6: 565 daAuts
 Ossuary: 533 daAuts
  Temple: 1 daAuts
